 Seeded DCSS version 0.30-a0-49-g1cef19eb02 (webtiles) character file.

Game seed: 17189789448992224378 (custom seed)

204093 valliere the Executioner (level 18, 0/249 HPs)
             Began as a Hill Orc Fighter on Aug 26, 2022.
             Was an Elder of Beogh.
             Slain by a freezing wraith (1 damage)
             ... on level 5 of the Vaults on Sept 2, 2022.
             The game lasted 03:57:47 (28043 turns).

valliere the Executioner (Hill Orc Fighter)        Turns: 28043, Time: 03:57:48

Health: 0/249      AC: 25    Str: 26    XL:     18   Next: 63%
Magic:  12/30      EV:  4    Int: 12    God:    Beogh [****..]
Gold:   1379       SH: 30    Dex:  9    Spells: 17/17 levels left

rFire   + + .      SeeInvis .    W - +7 hand axe of Suxoan {spect, +Blink rF+}
rCold   + . .      Faith    .    D - +18 shield of the Gong {rElec rN+ Will+ EV-5}
rNeg    + . .      Spirit   .    X - +4 plate armour {rF+}
rPois   +          Reflect  .    (no helmet)
rElec   +          Harm     .    n - +0 cloak {rPois}
rCorr   +          Rampage  .    (no gloves)
Will    ++...      Clarity  +    (no boots)
Stlth   ..........               G - amulet of regeneration
HPRegen 1.31/turn                e - ring of protection from cold
MPRegen 0.22/turn                K - ring of resist corrosion

@: mighty, berserking (expiring), very quick
A: iridescent scales 1, clarity, clever 1, shaggy fur 1
}: 1/15 runes: gossamer
a: Renounce Religion, Evoke Blink, Smiting, Recall Orcish Followers


You were on level 5 of the Vaults.
You worshipped Beogh.
Beogh was greatly pleased with you.
You visited 6 branches of the dungeon, and saw 30 of its levels.
You also visited: Ossuary and Gauntlet.

You collected 2869 gold pieces.
You spent 1490 gold pieces at shops.

Inventory:

Hand Weapons
 a - a +2 vorpal shortbow
 u - a +3 triple crossbow of freezing
 w - a +5 great sword of flaming
 A - a +2 glaive
 H - a +4 bardiche of venom
 O - a +5 demon whip
 W - the +7 hand axe of Suxoan (weapon) {spect, +Blink rF+}
   (You bought it in a shop on level 2 of the Dungeon)

   When its wielder attacks, the weapon's spirit leaps out and strikes again.
   The spirit shares a part of any damage it takes with its wielder.
   rF:        It protects you from fire.
   +Blink:    It lets you blink.
Armour
 n - a +0 cloak of poison resistance (worn)
 D - the +18 shield of the Gong (worn) {rElec rN+ Will+ EV-5}
   (You found it on level 1 of the Vaults)

   It is deafeningly noisy when blocking attacks.
   EV:        It affects your evasion (-5).
   rElec:     It insulates you from electricity.
   rN:        It protects you from negative energy.
   Will:      It increases your willpower.
 N - the +2 pair of gloves "Simutt" {rElec Will+ Str+2 Int+4}
   (You took it off Nikola on level 3 of the Spider Nest)

   Str:       It affects your strength (+2).
   Int:       It affects your intelligence (+4).
   rElec:     It insulates you from electricity.
   Will:      It increases your willpower.
 X - a +4 plate armour of fire resistance (worn)
 Y - the +0 pair of fencer's gloves {Riposte Dex+3}
   (You found it in a Gauntlet)

   It allows the wearer to riposte with melee weapons, swiftly retaliating
   against missed or blocked melee attacks.
   Dex:       It affects your dexterity (+3).
Jewellery
 e - a ring of protection from cold (left hand)
 o - a ring of positive energy
 G - an amulet of regeneration (around neck)
 K - a ring of resist corrosion (right hand)
 R - the amulet "Axtix" {RegenMP Will+ Dex+2}
   (You found it in a Gauntlet)

   [amulet of magic regeneration]

   It increases your rate of magic regeneration.
   Dex:       It affects your dexterity (+2).
   Will:      It increases your willpower.
 U - a ring of flight
Wands
 f - a wand of iceblast (8)
 l - a wand of flame (17)
 q - a wand of digging (4)
 B - a wand of light (14)
 F - a wand of polymorph (23)
 J - a wand of paralysis (6)
 P - a wand of mindburst (16)
Scrolls
 b - 4 scrolls of fear
 c - 12 scrolls of identify
 g - 15 scrolls of teleportation
 i - a scroll of summoning
 k - 3 scrolls of silence
 p - 9 scrolls of amnesia
 r - 16 scrolls of magic mapping
 s - 3 scrolls of fog
 y - 5 scrolls of blinking
 V - 2 scrolls of poison
Potions
 d - 5 potions of might
 j - 11 potions of curing
 m - 5 potions of flight
 z - 3 potions of haste
 C - 2 potions of invisibility
 E - 7 potions of ambrosia
 I - a potion of resistance
 Q - 2 potions of mutation
 S - a potion of brilliance
 T - 2 potions of magic
Miscellaneous
 t - a lightning rod (4/4)
 M - a condenser vane
 Z - a phial of floods


   Skills:
 + Level 16.1 Fighting
 * Level 23.4 Axes
 + Level 14.8 Armour
 + Level 6.9 Dodging
 + Level 14.8 Shields
 * Level 17.0 Invocations
 * Level 5.6 Evocations


You had 17 spell levels left.
You didn't know any spells.
Your spell library contained the following spells:

 Spells                   Type           Power      Damage    Failure   Level
 Apportation              Tloc           0%         N/A       99%         1
 Necrotise                Necr           0%         1d4       99%         1
 Summon Small Mammal      Summ           0%         N/A       99%         1
 Ensorcelled Hibernation  Hex/Ice        0%         N/A       99%         2
 Scorch                   Fire           0%         2d5       99%         2
 Sublimation of Blood     Necr           0%         N/A       99%         2
 Wereblood                Tmut           0%         N/A       99%         2
 Conjure Flame            Conj/Fire      0%         6-21      100%        3
 Spider Form              Tmut/Pois      0%         N/A       100%        3
 Tukima's Dance           Hex            0%         N/A       100%        3
 Anguish                  Hex/Necr       0%         N/A       100%        4
 Animate Armour           Summ/Erth      0%         N/A       100%        4
 Flame Wave               Conj/Fire      0%         2d4       100%        4
 Passage of Golubria      Tloc           0%         N/A       100%        4
 Petrify                  Tmut/Erth      0%         N/A       100%        4
 Alistair's Intoxication  Tmut/Pois      0%         N/A       100%        5
 Blade Hands              Tmut           0%         N/A       100%        5
 Fireball                 Conj/Fire      0%         3d3       100%        5
 Irradiate                Conj/Tmut      0%         3d11      100%        5
 Iskenderun's Battlesphe  Conj           0%         2d6       100%        5
 Metabolic Englaciation   Hex/Ice        0%         N/A       100%        5
 Silence                  Hex/Air        0%         N/A       100%        5
 Yara's Violent Unravell  Hex/Tmut       0%         3d3       100%        5
 Dispersal                Tloc           0%         N/A       100%        6
 Iron Shot                Conj/Erth      0%         9d1       100%        6
 Statue Form              Tmut/Erth      0%         N/A       100%        6
 Summon Cactus Giant      Summ           0%         N/A       100%        6
 Dragon Form              Tmut           0%         N/A       100%        7
 Spellforged Servitor     Conj/Summ      0%         N/A       100%        7
 Summon Hydra             Summ           0%         N/A       100%        7
 Disjunction              Tloc           0%         N/A       100%        8


Dungeon Overview and Level Annotations

Branches:
Dungeon (13/15)            Temple (1/1) D:5            Lair (5/5) D:10
  Swamp (0/4) Lair:2       Spider (4/4) Lair:3        Slime (0/5) Lair:5
    Orc (2/2) D:9             Elf (0/3) Orc:2        Vaults (5/5) D:13
  Crypt (0/3) Vaults:2    Ossuary (visited)         Gauntlet (visited)

Altars:
Ashenzari
Cheibriados
Dithmenos
Elyvilon
Fedhas
Gozag
Hepliaklqana
Kikubaaqudgha
Makhleb
Nemelex Xobeh
Okawaru
Qazlal
Ru
Sif Muna
Trog
Uskayaw
Vehumet
Wu Jian
Xom
Yredelemnul
Zin
The Shining One
Beogh
Jiyva

Shops:
D:2 (   D:9 =   D:12 (   Orc:2 *[(!*

Annotations:
D:3 2 transporters, porpoise's ghost, amateur MfGl
D:7 3 runed translucent doors, Veterankin's ghost, novice MiBe; gdog's ghost, weakling GnDe; rogsnak's ghost, novice DEFE
Lair:1 exclusion: oklob plant


Innate Abilities, Weirdness & Mutations

You are partially covered in iridescent scales. (AC +2)
You possess an exceptional clarity of mind.
Your mind is acute. (Int +4, Str/Dex -1)
You are covered in fur. (AC +1)


Message History

Your +7 hand axe of Suxoan {spect, +Blink rF+} barely misses the titan.
Your +7 hand axe of Suxoan {spect, +Blink rF+} hits the vault warden but does no damage.
Your +7 hand axe of Suxoan {spect, +Blink rF+} closely misses the vault guard.
Your +7 hand axe of Suxoan {spect, +Blink rF+} hits the frost giant.
Your +7 hand axe of Suxoan {spect, +Blink rF+} hits the ettin.
You block the war gargoyle's attack.
GONNNNG!
You hear a shout! x2; You hear two shouts!
Unknown command.
Unknown command.
You hit the vault guard.
The vault guard is almost dead.
You slash the frost giant! You slash the tengu reaver!
You hit the war gargoyle but do no damage.
You hit the freezing wraith. You hit the titan.
You hit the shadow dragon but do no damage.
Your +7 hand axe of Suxoan {spect, +Blink rF+} hits the frost giant but does no damage.
Your +7 hand axe of Suxoan {spect, +Blink rF+} hits the titan but does no damage.
Your +7 hand axe of Suxoan {spect, +Blink rF+} barely misses the vault guard.
Your +7 hand axe of Suxoan {spect, +Blink rF+} hits the ettin.
Your +7 hand axe of Suxoan {spect, +Blink rF+} hits the vault warden.
The tengu reaver hits you but does no damage.
The tengu reaver pecks you but does no damage.
The tengu reaver claws you but does no damage.
You block the frost giant's attack.
BONNNG!
The frost giant hits your +7 hand axe of Suxoan {spect, +Blink rF+} with a +2 battleaxe of freezing!!
Your spectral weapon shares its damage with you!
The frost giant freezes your +7 hand axe of Suxoan {spect, +Blink rF+}.
Your +7 hand axe of Suxoan {spect, +Blink rF+} fades away.
* * * LOW HITPOINT WARNING * * *
The deep elf demonologist casts a spell.
You block the shadow dragon's attack.
GONNNNG!
You block the shadow dragon's attack.
GONNNNG!
The shadow dragon claws you but does no damage.
You block the freezing wraith's attack.
GONNNNG!
The freezing wraith hits you.
You die...

#....# #....#
.### #..).#.$..#
.. #.†.)#....
... #...e#..##
....#....#...##
#......)p....:.
##..CC§C9)#####
......pC@pp.....
.....<)DQW......
......3Dp.).....
.....4).).......
###e.......#####
#.4........
.D.#....#...
#.##....#.... ##
#....#.....


You could see a shadow dragon, 2 titans, a storm dragon, a frost giant, a
quicksilver dragon, 2 vault wardens, a tengu reaver, 3 vault guards, a deep elf
annihilator, an ettin, a deep elf demonologist, a war gargoyle, an orange demon
(summoned), a freezing wraith, a sixfirhy (summoned) and a chaos spawn
(summoned).

Vanquished Creatures
  A dread lich (Vaults:4)
  2 titans (Vaults:5)
  A sphinx (Vaults:5)
  Kirke (D:12)
  An emperor scorpion (Spider:2)
  A balrug (Vaults:3)
  4 vault wardens
  A deep elf sorcerer (Vaults:4)
  4 ironbound preservers
  2 ghost moths
  A very ugly thing (Vaults:4)
  The ghost of Sobieck the Carver, a journeyman VSHu of Uskayaw (Orc:1)
  3 entropy weavers
  2 spark wasps
  A minotaur (Gauntlet)
  A crystal guardian (Vaults:3)
  A deep elf annihilator (Vaults:5)
  A deep elf high priest (Vaults:4)
  4 great orbs of eyes
  3 yaktaur captains
  2 boulder beetles
  5 vault guards
  Harold (Orc:1)
  A radroach (Spider:3)
  A jorogumo (Spider:3)
  A peacekeeper (Vaults:3)
  7 centaur warriors
  2 catoblepae
  3 ironbound frosthearts
  2 two-headed ogres
  3 death yaks
  2 orc high priests
  4 hell knights (Vaults:3)
  A pharaoh ant (Spider:2)
  18 deep trolls
  A spectral anaconda (Lair:5)
  A shadow wraith (Vaults:4)
  2 orb spiders
  A wizard (Gauntlet)
  2 lindwurms (Vaults:2)
  An obsidian statue (Lair:5)
  3 ironbound convokers
  6 necromancers
  2 orc knights
  A phantasmal warrior (Vaults:5)
  3 oklob plants
  An ugly thing (D:11)
  10 wolf spiders
  7 elephants
  3 moths of wrath
  2 black mambas
  A human skeleton (Vaults:1)
  6 vault sentinels
  A torpor snail (Lair:5)
  A gargoyle (D:10)
  An elf skeleton (Vaults:1)
  3 rime drakes (Lair:2)
  9 cane toads
  A freezing wraith (Vaults:1)
  10 komodo dragons
  15 yaktaurs
  A kobold demonologist (D:13)
  A demonic crawler (Spider:2)
  A tyrant leech (Lair:2)
  2 wolf spider simulacra (Gauntlet)
  A troll (D:13)
  4 tarantellas
  3 polar bears
  2 slime creatures
  A dream sheep (Lair:1)
  3 blink frogs
  8 culicivoras
  A vampire (D:12)
  7 jumping spiders
  5 hogs (D:12)
  5 wyverns
  17 yaks
  A shadow (D:11)
  10 humans
  A dire elephant simulacrum (Lair:5)
  36 redbacks
  5 steam dragons
  A basilisk (Lair:5)
  Grum (D:9)
  2 large abominations (Gauntlet)
  4 vampire mosquitoes
  Menkaure (Ossuary)
  2 wargs (D:9)
  A swamp worm (Lair:2)
  10 water moccasins
  An ice beast (D:8)
  6 orc warriors
  An elephant zombie (Lair:5)
  4 black bears
  An ice dragon simulacrum (Gauntlet)
  5 ogres
  4 wolves
  A boggart (Vaults:2)
  6 centaurs
  2 elephant skeletons (Lair:5)
  A phantom (D:4)
  2 kobold brigands
  6 bullfrogs
  A cane toad simulacrum (Lair:5)
  A gnoll sergeant (D:12)
  2 necrophages
  2 scorpions (Lair:5)
  7 wights
  3 killer bees
  4 small abominations (Gauntlet)
  An electric eel (Lair:5)
  2 gnoll boudas
  2 hounds
  9 orc priests
  A jelly (D:5)
  2 iguanas (D:6)
  14 orc wizards
  3 hell rats (Lair:3)
  3 mummies (Ossuary)
  8 gnolls
  2 adders
  4 shadow imps
  3 white imps
  A worm (D:2)
  A dart slug (D:5)
  16 orcs
  6 ball pythons
  3 endoplasms
  4 giant cockroaches
  2 goblins
  2 hobgoblins
  4 jackals (D:3)
  3 quokkas
  4 bats
  2 frilled lizards (D:3)
  3 gnoll skeletons (Ossuary)
  6 gnoll zombies (Ossuary)
  4 goblin skeletons (Ossuary)
  3 goblin zombies
  7 hobgoblin skeletons (Ossuary)
  6 hobgoblin zombies (Ossuary)
  8 kobolds
  6 kobold skeletons (Ossuary)
  A kobold zombie (Ossuary)
  2 orc skeletons (Ossuary)
  5 orc zombies (Ossuary)
  2 rats
  3 rat skeletons (Ossuary)
  6 rat zombies
  2 bushes (Lair:2)
546 creatures vanquished.

Vanquished Creatures (collateral kills)
  Frederick (Vaults:2)
  Nikola (Spider:3)
  Arachne (Spider:3)
  Jorgrun (Spider:1)
  A hellephant (Vaults:3)
  A shadow dragon (Vaults:5)
  A tengu reaver (Vaults:5)
  An orc warlord (Orc:2)
  A frost giant (Vaults:1)
  8 vault wardens
  3 emperor scorpions (Spider:4)
  A ghost moth (Spider:4)
  A ghoul (Vaults:2)
  9 ironbound preservers
  2 very ugly things (Vaults:4)
  A war gargoyle (Vaults:1)
  A vampire knight (Vaults:2)
  2 ironbound thunderhulks (Vaults:2)
  A broodmother (Spider:2)
  2 spark wasps (Spider:4)
  6 entropy weavers
  7 dire elephants
  An ettin (Orc:1)
  A crystal guardian (Vaults:3)
  4 great orbs of eyes
  6 yaktaur captains
  2 boulder beetles
  20 vault guards
  6 hydras
  5 centaur warriors
  4 ironbound frosthearts
  A two-headed ogre (D:12)
  An alligator (Lair:5)
  A death knight (Vaults:2)
  A radroach (Spider:1)
  5 death yaks
  10 hell knights (Vaults:3)
  A spectral death yak (Lair:5)
  2 pharaoh ants
  2 sun moths (Spider:4)
  3 steelbarb worms
  21 deep trolls
  11 orb spiders
  5 ironbound convokers
  3 orc knights (Orc:1)
  3 lindwurms (Vaults:2)
  12 wolf spiders
  A necromancer (D:13)
  An ugly thing (Vaults:4)
  An orc sorcerer (Orc:2)
  An oklob plant (Lair:5)
  A manticore (D:13)
  2 cyclopes (D:11)
  14 vault sentinels
  18 elephants
  2 gargoyles
  2 cane toads
  A black mamba (Lair:5)
  Maurice (D:11)
  2 torpor snails
  An elf skeleton (Vaults:1)
  A dire elephant skeleton (Lair:5)
  5 demonic crawlers
  A freezing wraith (Vaults:2)
  20 yaktaurs
  7 rime drakes
  2 komodo dragons
  3 trolls
  2 polar bears
  5 hornets
  11 tarantellas
  3 slime creatures
  3 blink frogs
  2 dream sheep (Lair:1)
  26 jumping spiders
  3 vampires
  10 culicivoras
  2 wraiths
  A wyvern (Lair:3)
  10 humans
  22 yaks
  4 steam dragons (Lair:2)
  25 redbacks
  A yaktaur simulacrum (Vaults:1)
  2 wargs (Orc:2)
  3 acid dragons
  11 water moccasins
  10 orc warriors
  A black bear (shapeshifter) (Vaults:4)
  A black bear (Lair:5)
  An ice beast (D:7)
  4 ogres
  3 boggarts (Vaults:2)
  11 wolves
  2 elephant skeletons (Lair:5)
  3 centaurs (D:13)
  A phantom (D:7)
  A kobold brigand (D:9)
  3 bullfrogs
  8 wights
  2 elephant simulacra (Lair:5)
  5 killer bees
  4 howler monkeys
  A hound (D:7)
  7 orc priests
  An iguana (D:7)
  5 orc wizards
  4 hell rats (Lair:3)
  7 gnolls
  A white imp (D:7)
  An ufetubus (D:7)
  13 orcs
  5 kobolds
  26 bushes (Lair:2)
  A withered plant (Lair:5)
549 creatures vanquished.

Vanquished Creatures (others)
  2 orc warlords (Vaults:5)
  15 orc knights
  A jumping spider (Vaults:1)
  12 orc warriors
  A boggart (Vaults:2)
  11 orc priests
  11 orc wizards
  An ufetubus (D:4)
  A dart slug (D:4)
  70 orcs
  An endoplasm (D:4)
  A hobgoblin (D:4)
  A demonic plant (Gauntlet)
  61 fungi
  87 plants
  28 withered plants (Lair:5)
304 creatures vanquished.

Grand Total: 1399 creatures vanquished

Notes
Turn   | Place    | Note
-------+----------+-------------------------------------------
     0 | D:1      | valliere the Hill Orc Fighter began the quest for the Orb.
     0 | D:1      | Reached XP level 1. HP: 19/19 MP: 1/1
    40 | D:1      | Gained mutation: Your muscles are strong. (Str +4, Int/Dex
                  | -1) [potion of mutation]
    40 | D:1      | Gained mutation: You have a pair of small antennae on your
                  | head. [potion of mutation]
    40 | D:1      | Gained mutation: You are robust. (+10% HP) [potion of
                  | mutation]
   198 | D:1      | Reached skill level 3 in Axes
   272 | D:1      | Reached XP level 2. HP: 29/29 MP: 2/2
   567 | D:2      | Found Naheawow's Weapon Emporium.
   835 | D:2      | Found a faded altar of an unknown god.
   856 | D:2      | Reached XP level 3. HP: 36/36 MP: 3/3
  1441 | D:3      | Found a transporter.
  1443 | D:3      | Noticed porpoise's ghost (amateur MfGl)
  1548 | D:3      | Found a transporter.
  1901 | D:4      | Noticed a bullfrog
  1935 | D:4      | Became a worshipper of Beogh the Brigand
  2025 | D:4      | Noticed a phantom
  2049 | D:4      | Killed a phantom
  2050 | D:4      | Reached skill level 4 in Axes
  2050 | D:4      | Reached XP level 4. HP: 23/45 MP: 4/4
  2050 | D:4      | Reached XP level 5. HP: 26/51 MP: 5/5
  2313 | D:4      | Reached skill level 5 in Axes
  2499 | D:5      | Entered Level 5 of the Dungeon
  2527 | D:5      | Found a sand-covered staircase.
  2543 | Ossuary  | Entered an ossuary
  2629 | Ossuary  | Reached * piety under Beogh
  2776 | Ossuary  | Reached ** piety under Beogh
  2830 | Ossuary  | Reached XP level 6. HP: 57/58 MP: 6/6
  2925 | Ossuary  | Noticed Menkaure
  2932 | Ossuary  | Killed Menkaure
  2933 | Ossuary  | Reached skill level 5 in Fighting
  2933 | Ossuary  | Reached skill level 6 in Axes
  3153 | D:5      | Found a staircase to the Ecumenical Temple.
  3158 | D:5      | Reached XP level 7. HP: 62/67 MP: 7/7
  3192 | Temple   | Entered the Ecumenical Temple
  3584 | D:5      | Reached skill level 5 in Armour
  3588 | D:5      | Reached skill level 7 in Axes
  3588 | D:5      | Reached skill level 5 in Shields
  4041 | D:6      | Reached XP level 8. HP: 38/77 MP: 5/8
  4542 | D:6      | Reached skill level 8 in Axes
  4693 | D:6      | Reached *** piety under Beogh
  5326 | D:7      | Reached skill level 9 in Axes
  5363 | D:7      | Upgraded the game from 0.30-a0-29-g142975f185 to
                  | 0.30-a0-40-gc6d0f036a7
  5512 | D:7      | Reached XP level 9. HP: 86/86 MP: 9/9
  5618 | D:7      | Found a runed translucent gate.
  5618 | D:7      | Found a runed translucent gate.
  5619 | D:7      | Found a runed translucent gate.
  5620 | D:7      | Noticed gdog's ghost (weakling GnDe)
  5620 | D:7      | Noticed Veterankin's ghost (novice MiBe)
  5620 | D:7      | Noticed rogsnak's ghost (novice DEFE)
  5836 | D:8      | Reached skill level 10 in Axes
  5915 | D:8      | Noticed a hornet
  5931 | D:8      | Killed a hornet
  6023 | D:8      | Identified the +2 ring mail "Kenaps" {rN+}
  6027 | D:8      | Reached **** piety under Beogh
  6497 | D:9      | Found a staircase to the Orcish Mines.
  6505 | D:9      | Reached skill level 11 in Axes
  6510 | D:9      | Gained Oruk as an ally
  6611 | D:9      | Reached XP level 10. HP: 96/96 MP: 10/10
  6726 | D:9      | Found a glowing silver altar of Zin.
  6842 | D:9      | Found Mutwoek's Jewellery Boutique.
  6890 | D:9      | Your ally Oruk died
  6949 | D:9      | Reached skill level 12 in Axes
  6950 | D:9      | Noticed Grum
  6956 | D:9      | Killed Grum
  7199 | D:10     | Entered Level 10 of the Dungeon
  7420 | D:10     | Found a staircase to the Lair.
  7669 | D:10     | Noticed a gargoyle
  7677 | D:10     | Killed a gargoyle
  7772 | D:10     | Noticed a gargoyle
  7780 | D:10     | Killed a gargoyle
  7964 | D:10     | Reached skill level 13 in Axes
  8339 | Lair:1   | Entered Level 1 of the Lair of Beasts
  8339 | Lair:1   | Noticed a cane toad
  8354 | Lair:1   | Killed a cane toad
  8355 | Lair:1   | Reached XP level 11. HP: 38/106 MP: 11/11
  8445 | Lair:1   | Noticed a death yak
  8446 | Lair:1   | Noticed a death yak
  8447 | Lair:1   | Noticed a death yak
  8447 | Lair:1   | Noticed a death yak
  8448 | Lair:1   | Noticed a death yak
  8448 | Lair:1   | Noticed a death yak
  8453 | Lair:1   | Killed a death yak
  8456 | Lair:1   | Killed a death yak
  8457 | Lair:1   | Killed a death yak
  8457 | Lair:1   | Gained Grimold as an ally
  8458 | Lair:1   | Reached skill level 14 in Axes
  8459 | Lair:1   | Killed a death yak
  8459 | Lair:1   | Killed a death yak
  8460 | Lair:1   | Reached skill level 10 in Fighting
  8460 | Lair:1   | Killed a death yak
  8508 | Lair:1   | Noticed a four-headed hydra
  8509 | Lair:1   | Noticed a six-headed hydra
  8527 | Lair:1   | Killed a four-headed hydra
  8527 | Lair:1   | Reached ***** piety under Beogh
  8530 | Lair:1   | Killed an eight-headed hydra
  8825 | Lair:1   | Noticed an oklob plant
  8911 | Lair:1   | Reached skill level 15 in Axes
  9054 | Lair:1   | Reached skill level 1 in Invocations
  9055 | Lair:1   | Gained Morbeogh as an ally
  9368 | Lair:2   | Reached XP level 12. HP: 109/118 MP: 13/13
  9370 | Lair:2   | Reached skill level 10 in Armour
  9376 | Lair:2   | Reached skill level 10 in Shields
  9379 | Lair:2   | Gained Nordag as an ally
  9510 | Orc:1    | Entered Level 1 of the Orcish Mines
  9514 | Orc:1    | Noticed a two-headed ogre
  9521 | Orc:1    | Killed a two-headed ogre
  9660 | Orc:2    | Entered Level 2 of the Orcish Mines
  9660 | Orc:2    | Found a staircase to the Elven Halls.
  9683 | Orc:2    | Reached skill level 16 in Axes
  9887 | D:2      | Bought the +7 hand axe of Suxoan {spect, +Blink rF+} for
                  | 762 gold pieces
 10126 | Orc:2    | Found Curob's Assorted Antiques.
 10192 | Orc:2    | Found a roughly hewn altar of Beogh.
 10214 | Orc:2    | Found a roughly hewn altar of Beogh.
 10215 | Orc:2    | Found Veini Arealo's Distillery.
 10290 | Orc:2    | Noticed an orc warlord
 10291 | Orc:2    | Noticed an orc high priest
 10293 | Orc:2    | Found a roughly hewn altar of Beogh.
 10293 | Orc:2    | Found Qur Koh's Antique Armour Emporium.
 10294 | Orc:2    | Gained Herok as an ally
 10296 | Orc:2    | Noticed a sun demon
 10297 | Orc:2    | Found Wesamnarph's Antique Weapon Shoppe.
 10303 | Orc:2    | Killed an orc warlord
 10306 | Orc:2    | Killed an orc high priest
 10493 | Orc:2    | Found a roughly hewn altar of Beogh.
 10522 | Orc:2    | Found a roughly hewn altar of Beogh.
 10525 | Orc:2    | Found Neim's Assorted Antiques.
 10533 | Orc:2    | Bought a scroll of identify for 48 gold pieces
 10592 | Orc:1    | Noticed Harold
 10597 | Orc:1    | Killed Harold
 10620 | Orc:1    | Noticed an ettin
 10626 | Orc:1    | Killed an ettin
 10627 | Orc:1    | Found a runed translucent gate.
 10627 | Orc:1    | Noticed Sobieck's ghost (journeyman VSHu)
 10630 | Orc:1    | Found a runed translucent gate.
 10630 | Orc:1    | Identified the +1 chain mail "Qioth" {rC- rCorr Dex+6}
 10631 | Orc:1    | Found a roughly hewn altar of Beogh.
 10631 | Orc:1    | Found a runed translucent gate.
 10649 | Orc:1    | Killed Sobieck's ghost
 10657 | Orc:1    | Your ally Grimold died
 10665 | Orc:1    | Reached skill level 5 in Invocations
 11081 | Lair:2   | Reached skill level 17 in Axes
 11086 | Lair:2   | Reached XP level 13. HP: 94/128 MP: 17/17
 11412 | Lair:2   | Found a staircase to the Swamp.
 12096 | Lair:3   | Reached ****** piety under Beogh
 12231 | Lair:3   | Found a hole to the Spider Nest.
 13157 | Lair:4   | Found a glowing silver altar of Zin.
 13171 | Lair:4   | Reached skill level 18 in Axes
 13473 | Lair:5   | Entered Level 5 of the Lair of Beasts
 13490 | Lair:5   | Identified the +1 leather armour of Sofue {Int+7}
 13616 | Lair:5   | Upgraded the game from 0.30-a0-40-gc6d0f036a7 to
                  | 0.30-a0-42-g806c11bf1d
 13674 | Lair:5   | Noticed a dire elephant
 13675 | Lair:5   | Noticed a dire elephant
 13693 | Lair:5   | Noticed a dire elephant
 13707 | Lair:5   | Killed a dire elephant
 13723 | Lair:5   | Gained Blodwig as an ally
 13908 | Lair:5   | Noticed a dire elephant
 13919 | Lair:5   | Killed a dire elephant
 14019 | Lair:5   | Reached XP level 14. HP: 139/139 MP: 15/20
 14046 | Lair:5   | Killed a dire elephant
 14046 | Lair:5   | Killed a dire elephant
 14248 | Lair:5   | Found a staircase to the Slime Pits.
 14249 | Lair:5   | Found a viscous altar of Jiyva.
 14456 | Lair:5   | Lost mutation: Your muscles are strong. (Str +4, Int/Dex
                  | -1) [potion of mutation]
 14456 | Lair:5   | Lost mutation: You have a pair of small antennae on your
                  | head. [potion of mutation]
 14456 | Lair:5   | Lost mutation: You are robust. (+10% HP) [potion of
                  | mutation]
 14456 | Lair:5   | Gained mutation: Your muscles are strong. (Str +4, Int/Dex
                  | -1) [potion of mutation]
 14456 | Lair:5   | Gained mutation: Your movements are slightly less
                  | encumbered by armour. (ER -2) [potion of mutation]
 14513 | Lair:5   | Reached skill level 19 in Axes
 15105 | Spider:1 | Entered Level 1 of the Spider Nest
 15112 | Spider:1 | Noticed an entropy weaver
 15123 | Spider:1 | Killed an entropy weaver
 15124 | Spider:1 | Noticed an entropy weaver
 15126 | Spider:1 | Noticed an entropy weaver
 15126 | Spider:1 | Gained Wargrak as an ally
 15132 | Spider:1 | Your ally Wargrak died
 15134 | Spider:1 | Upgraded the game from 0.30-a0-42-g806c11bf1d to
                  | 0.30-a0-43-gbbf338a72c
 15136 | Spider:1 | Killed an entropy weaver
 15139 | Spider:1 | Your ally Blodwig died
 15140 | Spider:1 | Killed an entropy weaver
 15143 | Spider:1 | Reached skill level 10 in Invocations
 15150 | Spider:1 | Gained Zorug as an ally
 15324 | Spider:1 | Noticed Jorgrun
 15330 | Spider:1 | Killed Jorgrun
 15514 | Spider:1 | Identified the +1 leather armour "Caips" {+Blink rF- Str+3
                  | Dex+3}
 15682 | Spider:2 | Noticed an emperor scorpion
 15692 | Spider:2 | Killed an emperor scorpion
 15809 | Spider:2 | Reached skill level 20 in Axes
 15809 | Spider:2 | Reached XP level 15. HP: 120/137 MP: 23/23
 16100 | Spider:2 | Your ally Zorug died
 17270 | D:11     | Noticed Maurice
 17288 | D:11     | Killed Maurice
 17402 | Orc:2    | Found a roughly hewn altar of Beogh.
 17742 | Orc:2    | Bought a glowing shortbow for 204 gold pieces
 17742 | Orc:2    | Bought a smoking shortbow for 272 gold pieces
 17742 | Orc:2    | Identified the +6 shortbow "Ciosum" {vorpal, Int+7} (You
                  | bought it in a shop on level 2 of the Orcish Mines)
 17742 | Orc:2    | Bought a runed shortbow for 204 gold pieces
 17870 | Orc:2    | Found a roughly hewn altar of Beogh.
 18528 | D:11     | Reached skill level 1 in Dodging
 18819 | D:12     | Found Ciagel's Weapon Shoppe.
 18994 | D:12     | Lost mutation: Your muscles are strong. (Str +4, Int/Dex
                  | -1) [potion of mutation]
 18994 | D:12     | Lost mutation: Your movements are slightly less encumbered
                  | by armour. (ER -2) [potion of mutation]
 18994 | D:12     | Gained mutation: You are clumsy. (Dex -2) [potion of
                  | mutation]
 18995 | D:12     | Lost mutation: You are clumsy. (Dex -2) [potion of
                  | mutation]
 18995 | D:12     | Gained mutation: You have very sharp teeth. [potion of
                  | mutation]
 18995 | D:12     | Gained mutation: You are strong-willed. (Will+) [potion of
                  | mutation]
 18995 | D:12     | Gained mutation: Armour fits poorly on your strangely
                  | shaped body. [potion of mutation]
 18996 | D:12     | Lost mutation: You have very sharp teeth. [potion of
                  | mutation]
 18996 | D:12     | Lost mutation: You are strong-willed. (Will+) [potion of
                  | mutation]
 18996 | D:12     | Gained mutation: You are clumsy. (Dex -2) [potion of
                  | mutation]
 18996 | D:12     | Gained mutation: You have supernaturally acute eyesight.
                  | (SInv) [potion of mutation]
 19080 | D:12     | Noticed Kirke
 19089 | D:12     | Noticed a sphinx
 19098 | D:12     | Killed Kirke
 19104 | D:12     | Found a roughly hewn altar of Beogh.
 19107 | D:12     | Gained Hilgar as an ally
 19584 | D:13     | Got the Spellbook of Torrid Curses
 19688 | D:13     | Found a gate leading to a gauntlet.
 19696 | Gauntlet | Entered a Gauntlet
 19696 | Gauntlet | Found a transporter.
 19696 | Gauntlet | Found a transporter.
 19701 | Gauntlet | Found a transporter.
 19704 | Gauntlet | Found a transporter.
 19705 | Gauntlet | Found a transporter.
 19705 | Gauntlet | Found a transporter.
 19740 | Gauntlet | Found a transporter.
 19744 | Gauntlet | Found a transporter.
 19751 | Gauntlet | Found a runed translucent door.
 19754 | Gauntlet | Found a transporter.
 19771 | Gauntlet | Found a transporter.
 19782 | Gauntlet | Found a transporter.
 19786 | Gauntlet | Found a transporter.
 19786 | Gauntlet | Found the +0 pair of fencer's gloves {Riposte Dex+3}
 19868 | Gauntlet | Identified the amulet "Axtix" {RegenMP Will+ Dex+2}
 20108 | Gauntlet | Got the Octavo of Blasting and Bedrock
 20118 | D:13     | Gained Bogdan as an ally
 20352 | D:13     | Gained Bogfrid as an ally
 20371 | D:13     | Found a gate to the Vaults.
 20414 | D:13     | Lost mutation: You are clumsy. (Dex -2) [potion of
                  | mutation]
 20414 | D:13     | Lost mutation: You have supernaturally acute eyesight.
                  | (SInv) [potion of mutation]
 20414 | D:13     | Lost mutation: Armour fits poorly on your strangely shaped
                  | body. [potion of mutation]
 20414 | D:13     | Gained mutation: You are partially covered in iridescent
                  | scales. (AC +2) [potion of mutation]
 20414 | D:13     | Gained mutation: You are covered in fur. (AC +1) [potion of
                  | mutation]
 20414 | D:13     | Gained mutation: Your mind is acute. (Int +4, Str/Dex -1)
                  | [potion of mutation]
 20414 | D:13     | Gained mutation: You possess an exceptional clarity of
                  | mind. [potion of mutation]
 20916 | Spider:3 | Reached skill level 21 in Axes
 21004 | Spider:3 | Reached XP level 16. HP: 147/147 MP: 25/25
 21010 | Spider:3 | Identified the +2 pair of gloves "Simutt" {rElec Will+
                  | Str+2 Int+4}
 21010 | Spider:3 | Noticed Nikola
 21011 | Spider:3 | Noticed Arachne
 21016 | Spider:3 | Killed Nikola
 21019 | Spider:3 | Killed Arachne
 21540 | Spider:3 | Upgraded the game from 0.30-a0-43-gbbf338a72c to
                  | 0.30-a0-46-g5a63ccc183
 22146 | Spider:4 | Entered Level 4 of the Spider Nest
 22441 | Spider:4 | Your ally Bogfrid died
 22455 | Spider:4 | Upgraded the game from 0.30-a0-46-g5a63ccc183 to
                  | 0.30-a0-49-g1cef19eb02
 22461 | Spider:4 | Got a gossamer rune of Zot
 22780 | Vaults:1 | Entered Level 1 of the Vaults
 22977 | Vaults:1 | Gained Brandogh as an ally
 23420 | Vaults:1 | Gained Koronagh as an ally
 23442 | Vaults:1 | Reached skill level 5 in Dodging
 23450 | Vaults:1 | Reached skill level 15 in Fighting
 23608 | Vaults:1 | Identified the +1 ring mail "Junniate" {Int+4}
 23695 | Vaults:1 | Identified the +1 robe of the Stone Wall {rF+ Dex+4}
 24014 | Vaults:1 | Found the +18 shield of the Gong {rElec rN+ Will+ EV-5}
 24328 | Vaults:2 | Reached XP level 17. HP: 156/156 MP: 28/28
 24330 | Vaults:2 | Reached skill level 22 in Axes
 24344 | Vaults:2 | Noticed Frederick
 24362 | Vaults:2 | Killed Frederick
 24391 | Vaults:2 | Reached skill level 15 in Invocations
 24413 | Vaults:2 | Your ally Koronagh died
 25514 | Vaults:2 | Found a staircase to the Crypt.
 25713 | Vaults:3 | Found a huge runed gate.
 25713 | Vaults:3 | Found a huge runed gate.
 25713 | Vaults:3 | Found a huge runed gate.
 25713 | Vaults:3 | Found a huge runed gate.
 25713 | Vaults:3 | Found a huge runed gate.
 25714 | Vaults:3 | Found a huge runed gate.
 25714 | Vaults:3 | Found a huge runed gate.
 25714 | Vaults:3 | Found a huge runed gate.
 25714 | Vaults:3 | Found a huge runed gate.
 25714 | Vaults:3 | Found a huge runed gate.
 25715 | Vaults:3 | Found a huge runed gate.
 25716 | Vaults:3 | Found a huge runed gate.
 25717 | Vaults:3 | Found a huge runed gate.
 25718 | Vaults:3 | Found a huge runed gate.
 25719 | Vaults:3 | Found a huge runed gate.
 25731 | Vaults:3 | Found a huge runed gate.
 25731 | Vaults:3 | Found a huge runed gate.
 25731 | Vaults:3 | Found a huge runed gate.
 25731 | Vaults:3 | Found a huge runed gate.
 25731 | Vaults:3 | Found a huge runed gate.
 25732 | Vaults:3 | Found a huge runed gate.
 25733 | Vaults:3 | Found a huge runed gate.
 25734 | Vaults:3 | Found a huge runed gate.
 25735 | Vaults:3 | Found a huge runed gate.
 25743 | Vaults:3 | Found a huge runed gate.
 25743 | Vaults:3 | Found a huge runed gate.
 25743 | Vaults:3 | Found a huge runed gate.
 25743 | Vaults:3 | Found a huge runed gate.
 25743 | Vaults:3 | Found a huge runed gate.
 25743 | Vaults:3 | Found a huge runed gate.
 25744 | Vaults:3 | Found a huge runed gate.
 25745 | Vaults:3 | Found a huge runed gate.
 25746 | Vaults:3 | Found a huge runed gate.
 25754 | Vaults:3 | Found a huge runed gate.
 25754 | Vaults:3 | Found a huge runed gate.
 25754 | Vaults:3 | Found a huge runed gate.
 25884 | Vaults:3 | Reached skill level 1 in Evocations
 26050 | Vaults:3 | Noticed a hellephant
 26061 | Vaults:3 | Killed a hellephant
 26070 | Vaults:3 | Your ally Koronagh died
 26091 | Vaults:3 | Your ally Bogdan died
 27004 | Vaults:4 | Noticed a dread lich
 27006 | Vaults:4 | Killed a dread lich
 27007 | Vaults:4 | Reached XP level 18. HP: 166/166 MP: 20/30
 27196 | Vaults:4 | Reached skill level 23 in Axes
 27407 | Vaults:4 | Gained Wardok as an ally
 27992 | Vaults:5 | Entered Level 5 of the Vaults
 27998 | Vaults:5 | Your ally Wardok died
 28001 | Vaults:5 | Reached skill level 5 in Evocations
 28001 | Vaults:5 | Noticed a titan
 28005 | Vaults:5 | Killed a titan
 28012 | Vaults:5 | Noticed a titan
 28017 | Vaults:5 | Your ally Herok died
 28019 | Vaults:5 | Noticed a titan
 28019 | Vaults:5 | Your ally Hilgar died
 28019 | Vaults:5 | Your ally Brandogh died
 28025 | Vaults:5 | Noticed a quicksilver dragon
 28026 | Vaults:5 | Your ally Blodwig died
 28026 | Vaults:5 | Your ally Morbeogh died
 28032 | Vaults:5 | Your ally Nordag died
 28036 | Vaults:5 | Noticed a titan
 28038 | Vaults:5 | Killed a titan
 28038 | Vaults:5 | HP: 12/246 [tengu reaver/+0 long sword (11)]
 28038 | Vaults:5 | HP: 3/246 [shadow dragon (9)]
 28038 | Vaults:5 | HP: 1/246 [vault warden/+0 dire flail of venom (1)]
 28043 | Vaults:5 | HP: 1/249 [frost giant/+2 battleaxe of freezing (1)]
 28043 | Vaults:5 | Slain by a freezing wraith

Illustrated notes

Levels and vault maps discovered:
D:1:      nzn_arrival_water_spiral, layout_basic
D:2:      layout_basic, shapermc_ecumenical_altar_ellora, serial_shops,
          nicolae_shop_statue_plus
D:3:      layout_basic, gammafunk_ghost_arena
D:4:      layout_rooms
D:5:      layout_basic, minmay_temple_entry_stoned_glass, enter_ossuary_4
D:6:      layout_basic
D:7:      layout_rooms, gammafunk_ghost_cemetery, dreamdust_gnoll_farm
D:8:      layout_basic, solitary_fountain
D:9:      layout_roguey, mainiacjoe_overflow_alcove_1, david_orc_3,
          serial_shops, nicolae_shop_behind_doors, st_stairs_8, uniq_grum
D:10:     layout_stronghold, david_lair_shrubbed
D:11:     layout_stronghold, uniq_maurice
D:12:     layout_roguey, special_room [special_room_orc], serial_shops, shop,
          uniq_kirke
D:13:     layout_roguey, grunt_vaults_entry_tiered, gauntlet_entry_generic
Temple:   grunt_wide_crystal_templ
Lair:1:   layout_big_grid
Lair:2:   layout_loops_ring, minmay_swamp_entry_worms, minmay_holes,
          minmay_hedge_maze, bobbens_dragon_lair_wall, grunt_megastairs_4
Lair:3:   layout_regular_city, spider_nest_entry_webs, infiniplex_staircase_pool
Lair:4:   layout_big_grid, lemuel_oklob_altar
Lair:5:   due_jungle_book, layout_cave_pods, minmay_slime_entry_oklob_open,
          nicolae_lair_lakeside_cave
Spider:1: layout_spider_delve, uniq_jorgrun
Spider:2: layout_spider_delve, spiders_nest_spider_trap
Spider:3: layout_cave_pods, uniq_arachne, uniq_nikola
Spider:4: spider_rune_water, nicolae_spider_acid_house
Orc:1:    layout_caves, biasface_ghost_orc_armoury, nicolae_shop_firing_range,
          uniq_harold
Orc:2:    grunt_orc_community_town_hall, layout_caves,
          grunt_orc_community_big_house_2, grunt_orc_community_big_house_1,
          grunt_orc_community_house_3, grunt_orc_community_house_3,
          grunt_orc_community_house_1, grunt_orc_community_house_1,
          grunt_orc_community_house_3, grunt_orc_community_house_3,
          serial_shops, nicolae_shop_statue_plus, basic_altar
Vaults:1: v_rooms_5, v_misc_23, vaults_room_ringed_pool, v_alt_pattern_3,
          nicolae_vaults_circle_grid_a, hellmonk_guarded_unrand_gong,
          nicolae_vaults_three_branches, v_misc_27, grunt_vaults_funnel,
          v_alt_pattern_1, v_misc_9, layout_vaults_ring
Vaults:2: vaults_standard_mumra_lines, minmay_crypt_entry_simple_sparse,
          ontoclasm_vaults_ring_small, ontoclasm_vaults_idyll,
          layout_vaults_omnigrid, uniq_frederick
Vaults:3: nicolae_vaults_network_periphery, hangedman_vaults_maws, v_pattern_1,
          v_misc_13, ontoclasm_vaults_chip, v_alt_pattern_2,
          vaults_room_corners, vaults_dpeg_diagonal, vaults_room_stairs_pillars,
          not_door_vault_due, nicolae_vaults_shelves_hall, v_misc_17,
          hangedman_vaults_corner_blocks, layout_vaults_omnibox
Vaults:4: st_cross, v_misc_30, hangedman_vaults_corner_blocks,
          ontoclasm_vaults_ring_small, vaults_dpeg_doors,
          ontoclasm_vaults_fault, nicolae_vaults_border_crossing,
          ontoclasm_vaults_tryst, nicolae_vaults_asterisk,
          grunt_vaults_hallway_long, v_rooms_4,
          nicolae_vaults_diagonal_hallway_7, ontoclasm_vaults_loading_screen,
          layout_vaults_big_cross
Vaults:5

Skill      XL: |  1  2  3  4  5  6  7  8  9 10 11 12 13 14 15 16 17 18 |
---------------+-------------------------------------------------------+-----
Axes           | 3 4 5 6 7 9 11 13 15 17 18 20 21 22 23 | 23.4
Fighting       | 4 5 7 8 9 10 11 12 13 14 15 16 | 16.1
Armour         | 4 5 6 7 8 9 11 12 13 14 | 14.8
Shields        | 4 5 6 7 8 9 10 11 12 13 14 | 14.8
Invocations    | 1 5 8 10 13 14 16 17 | 17.0
Dodging        | 3 5 6 |  6.9
Evocations     | 3 5 |  5.6

Action                   |  1- 3 |  4- 6 |  7- 9 | 10-12 | 13-15 | 16-18 || total
-------------------------+-------+-------+-------+-------+-------+-------++-------
Melee: War axe           |   121 |   153 |   224 |   182 |       |       ||   680
       Hand axe          |       |       |       |    78 |   640 |   548 ||  1266
Invok: Convert to Beogh  |     1 |       |       |       |       |       ||     1
       Smiting           |       |       |     1 |     1 |    25 |    29 ||    56
       Recall Orcish Fol |       |       |       |     3 |     5 |     4 ||    12
       Give Item to Name |       |       |       |     1 |     2 |     4 ||     7
       Resurrection      |       |       |       |       |     1 |     2 ||     3
Evoke: Condenser vane    |       |       |       |       |       |     1 ||     1
  Use: Potion            |     2 |     1 |     1 |     3 |     7 |     6 ||    20
       Scroll            |       |     5 |     3 |     8 |    18 |     6 ||    40
 Stab: Distracted        |       |       |       |     6 |    14 |    13 ||    33
       Confused          |       |       |       |       |       |     3 ||     3
Armor: Scale mail        |    59 |       |       |       |       |       ||    59
       Plate armour      |    20 |    77 |   140 |   125 |   293 |   190 ||   845
Dodge: Dodged            |    49 |    34 |    53 |    67 |   145 |    73 ||   421
Block: Buckler           |    16 |    19 |    46 |    53 |   164 |    47 ||   345
       Kite shield       |       |       |       |       |       |   358 ||   358
       Tower shield      |       |       |       |       |       |    10 ||    10
       Rpst.: Hand axe   |       |       |       |       |    15 |       ||    15

Table legend: (Time is in decaauts)
 A = Elapsed time spent in this place.
 B = Non-inter-level travel time spent in this place.
 C = Inter-level travel time spent in this place.
 D = Time resting spent in this place.
 E = Time spent auto-exploring this place.
 F = Levels seen in this place.
 G = Mean time per level.
                   A        B        C        D        E       F      G
               +--------+--------+--------+--------+--------+-----+--------+
         Total |  27724 |  25749 |   1975 |   1123 |  14267 |  32 |  866.4 |
       Dungeon |  11225 |  10084 |   1141 |    241 |   7212 |  13 |  863.5 |
        Temple |     86 |     86 |      0 |      0 |     15 |   1 |   86.0 |
          Lair |   5250 |   4809 |    441 |    126 |   3165 |   5 | 1050.0 |
   Spider Nest |   3478 |   3331 |    147 |    424 |   1001 |   4 |  869.5 |
  Orcish Mines |   1566 |   1465 |    101 |     97 |    522 |   2 |  783.0 |
        Vaults |   5107 |   4965 |    142 |    125 |   2096 |   5 | 1021.4 |
       Ossuary |    615 |    615 |      0 |     54 |    256 |   1 |  615.0 |
      Gauntlet |    394 |    394 |      0 |     56 |      0 |   1 |  394.0 |
               +--------+--------+--------+--------+--------+-----+--------+

Top non-repeatable levels by time:
  Lair:5: 1542 daAuts
Vaults:1: 1486 daAuts
Vaults:2: 1359 daAuts
    D:10: 1314 daAuts
Spider:2: 1249 daAuts
Spider:3: 1244 daAuts
     D:6: 1201 daAuts
Vaults:3: 1174 daAuts
   Orc:2: 1140 daAuts
  Lair:2: 1130 daAuts
Vaults:4: 1051 daAuts
  Lair:1: 1039 daAuts
    D:11: 1023 daAuts
    D:13: 980 daAuts
     D:9: 965 daAuts
